 Dungeon Crawl Stone Soup version 0.28-a0-474-g535839065c (console) character file.

Game seed: 5715879553597506880

2737 nht the Carver (level 9, 0/74 HPs)
             Began as a Minotaur Fighter on Sept 15, 2021.
             Was an Initiate of Gozag.
             Succumbed to a water moccasin's poison
             ... on level 7 of the Dungeon.
             The game lasted 00:09:35 (7871 turns).

nht the Carver (Minotaur Fighter)                   Turns: 7871, Time: 00:09:35

Health: 0/74       AC: 17    Str: 24    XL:     9   Next: 40%
Magic:  8/8        EV:  8    Int:  7    God:    Gozag
Gold:   38         SH:  5    Dex: 11    Spells: 8/8 levels left

rFire   . . .      SeeInvis .   a - +0 long sword
rCold   . . .      Faith    .   c - +0 buckler
rNeg    . . .      Spirit   .   v - +5 chain mail of Fortitude {Str+3}
rPois   .          Reflect  .   (helmet restricted)
rElec   .          Harm     .   p - +0 cloak
rCorr   +          Rampage  .   (no gloves)
Will    .....                   q - +0 pair of boots
Stlth   ..........              (no amulet)
HPRegen 0.22/turn               d - ring of resist corrosion
MPRegen 0.11/turn               (no ring)

@: brilliant, lethally poisoned (0 -> -9)
A: horns 2, retaliatory headbutt
a: Renounce Religion, Potion Petition, Call Merchant, Bribe Branch


You were on level 7 of the Dungeon.
You worshipped Gozag.
Gozag was noncommittal.
You visited 2 branches of the dungeon, and saw 8 of its levels.

You collected 268 gold pieces.
You spent 144 gold pieces at shops.
You paid 86 gold pieces to Gozag.

Inventory:

Hand Weapons
 a - a +0 long sword (weapon)
 y - the +0 dagger of a ziggurat {vorpal, rPois Str+4}
   (You found it on level 7 of the Dungeon)

   It inflicts extra damage upon your enemies.
   Str:       It affects your strength (+4).
   rPois:     It protects you from poison.
Missiles
 k - a throwing net (quivered)
 z - 2 poisoned darts
Armour
 c - a +0 buckler (worn)
 p - a +0 cloak (worn)
 q - a +0 pair of boots (worn)
 v - the +5 chain mail of Fortitude (worn) {Str+3}
   (You found it on level 6 of the Dungeon)

   Str:       It affects your strength (+3).
Jewellery
 d - a ring of resist corrosion (left hand)
Wands
 o - a wand of polymorph (1)
 u - a wand of acid (6)
Scrolls
 e - a scroll of brand weapon {unknown}
 g - a scroll of fog
 h - 3 scrolls of enchant armour
 m - 3 scrolls of enchant weapon
 n - a scroll of fear {unknown}
 r - a scroll of silence {unknown}
 s - a scroll of acquirement {unknown}
 t - 2 scrolls of amnesia {unknown}
 x - a scroll of torment {unknown}
Potions
 b - a potion of attraction
 f - 2 potions of mutation
 i - 2 potions of heal wounds
 j - a potion of cancellation
 l - a potion of curing


   Skills:
 + Level 5.5 Fighting
 + Level 13.3 Long Blades
 + Level 5.5 Armour
 + Level 5.5 Shields


You had 8 spell levels left.
You didn't know any spells.
Your spell library was empty.

Dungeon Overview and Level Annotations

Branches:
Dungeon (7/15)             Temple (1/1) D:7

Altars:
Ashenzari
Cheibriados
Elyvilon
Fedhas
Gozag
Hepliaklqana
Kikubaaqudgha
Makhleb
Nemelex Xobeh
Qazlal
Ru
Trog
Wu Jian
Xom
Zin

Shops:
D:1 *   D:2 =

Annotations:
D:5 exclusion: 2 goblins


Innate Abilities, Weirdness & Mutations

You have a pair of horns on your head.
You reflexively headbutt those who attack you in melee.


Message History

You feel sick. The water moccasin bites you.
* * * LOW HITPOINT WARNING * * *
You are lethally poisoned!
The water moccasin poisons you! The orc hits you but does no damage.
The water moccasin bites you but does no damage.
You miss the water moccasin.
The water moccasin is severely wounded.
* * * LOW HITPOINT WARNING * * *
You feel very sick. The orc completely misses you.
The orc hits you with a +0 club.
* * * LOW HITPOINT WARNING * * *
The water moccasin barely misses you.
You are too injured to fight recklessly!
* * * LOW HITPOINT WARNING * * *
You feel very sick. The orc hits you but does no damage.
You feel better. You block the orc's attack.
The orc hits you but does no damage. x2
The water moccasin bites you.
* * * LOW HITPOINT WARNING * * *
The water moccasin bites you but does no damage.
There is an open door here.
The water moccasin bites you but does no damage.
Okay, then.
It was a potion of brilliance.
You feel clever all of a sudden.
The water moccasin bites you but does no damage.
You slash the water moccasin!
The water moccasin is almost dead.
The orc hits you but does no damage. The water moccasin bites you.
* * * LOW HITPOINT WARNING * * *
You are lethally poisoned!
The water moccasin poisons you!
You hit the water moccasin.
The water moccasin is almost dead.
* * * LOW HITPOINT WARNING * * *
You feel sick. The water moccasin barely misses you.
The orc hits you but does no damage.
You barely miss the water moccasin.
The water moccasin is almost dead.
You die...
Your body crumbles into a pile of gold. .........█ █......█ █.█.█.█..█ █......█ ........██ █......█ ████.████ █......█ █.█ █......█ █.███ █......█ █...█ █.$....█ █...█ █...$..█ █...█ █.ooo..█ █...█ ███S████

█...█ █@█████.█ █...█
███........
████...███████.........█
.......'................
████...███████..........
.........█ █████+█....
████████.█ .... █.█ ..█
█ █.█ .█ █.█ █.█


You could see a water moccasin and 3 orcs.

Vanquished Creatures
  A hog (D:3)
  Menkaure (D:4)
  2 water moccasins (D:6)
  Purgy (D:4)
  2 orc warriors
  An ice beast (D:5)
  A necrophage (D:6)
  2 ogres
  2 phantoms
  Blork the orc (D:5)
  A kobold brigand (D:7)
  2 bullfrogs
  2 wyvern zombies
  4 scorpions
  A water moccasin skeleton (D:5)
  3 hounds
  A centaur zombie (D:6)
  2 orc priests (D:6)
  A centaur skeleton (D:7)
  3 jellies
  Terence (D:2)
  Jessica (D:2)
  3 orc wizards
  3 iguanas
  A scorpion zombie (D:5)
  Ijyb (D:3)
  Natasha (thrice) (D:3)
  A hound skeleton (D:5)
  6 adders
  A howler monkey skeleton (D:5)
  A white imp (D:6)
  4 ufetubi
  2 dart slugs (D:4)
  17 orcs
  6 endoplasms
  3 giant cockroaches
  7 goblins
  A hobgoblin (D:2)
  12 kobolds
  A quokka (D:2)
  2 ball pythons
  4 bats
  4 frilled lizards
  4 rats
123 creatures vanquished.

Notes
Turn   | Place    | Note
-------+----------+-------------------------------------------
     0 | D:1      | nht the Minotaur Fighter began the quest for the Orb.
     0 | D:1      | Reached XP level 1. HP: 19/19 MP: 0/0
   336 | D:1      | Found Puarch's Assorted Antiques.
   346 | D:1      | Bought a scroll labelled WEAMAFI QASHON for 18 gold pieces
   356 | D:1      | Reached skill level 3 in Long Blades
   779 | D:2      | Reached XP level 2. HP: 26/26 MP: 1/1
   995 | D:2      | Noticed Terence
  1009 | D:2      | Killed Terence
  1010 | D:2      | Reached skill level 4 in Long Blades
  1010 | D:2      | Reached XP level 3. HP: 25/31 MP: 2/2
  1074 | D:2      | Noticed a phantom
  1093 | D:2      | Killed a phantom
  1094 | D:2      | Reached skill level 6 in Long Blades
  1094 | D:2      | Reached XP level 4. HP: 20/39 MP: 3/3
  1418 | D:2      | Found Nygreska's Jewellery Shop.
  1536 | D:2      | Noticed Jessica
  1541 | D:2      | Killed Jessica
  1542 | D:2      | Reached XP level 5. HP: 45/45 MP: 4/4
  1668 | D:3      | Reached skill level 7 in Long Blades
  1795 | D:3      | Found a broken altar of Ashenzari.
  1871 | D:3      | Noticed Natasha
  1873 | D:3      | Killed Natasha
  2211 | D:3      | Found a bloodstained altar of Trog.
  2358 | D:3      | Noticed Ijyb
  2371 | D:3      | Killed Ijyb
  2372 | D:3      | Reached XP level 6. HP: 51/51 MP: 5/5
  2432 | D:3      | Noticed Natasha
  2440 | D:3      | Killed Natasha
  2460 | D:3      | Noticed Natasha
  2464 | D:3      | Killed Natasha
  2465 | D:3      | Reached skill level 8 in Long Blades
  2722 | D:3      | Found a runed translucent door.
  2723 | D:3      | Noticed Crazy Yiuf
  2787 | D:3      | Found a faded altar of an unknown god.
  2974 | D:3      | Noticed Crazy Yiuf
  2974 | D:3      | Crazy Yiuf changed into Crazy Yiuf the hog
  2976 | D:3      | Killed Crazy Yiuf the hog
  3032 | D:4      | Found a stormy altar of Qazlal.
  3057 | D:4      | Noticed Purgy
  3059 | D:4      | Noticed Menkaure
  3081 | D:4      | Killed Purgy
  3082 | D:4      | Reached skill level 9 in Long Blades
  3082 | D:4      | Reached XP level 7. HP: 15/57 MP: 6/6
  3085 | D:4      | Killed Menkaure
  3360 | D:4      | Reached skill level 10 in Long Blades
  3393 | D:4      | Found a shimmering altar of Xom.
  4492 | D:1      | Bought a scroll labelled MOCRAT WAYSTREN for 18 gold pieces
  4492 | D:1      | Bought a scroll of identify for 36 gold pieces
  4492 | D:1      | Bought a scroll of identify for 36 gold pieces
  4492 | D:1      | Bought a scroll labelled NELODU LUUZOUR for 18 gold pieces
  4492 | D:1      | Bought a scroll labelled KODONI MAMICAMM for 18 gold pieces
  4574 | D:5      | Entered Level 5 of the Dungeon
  4730 | D:5      | Reached skill level 11 in Long Blades
  4730 | D:5      | Reached XP level 8. HP: 64/64 MP: 7/7
  5271 | D:5      | Noticed Blork the orc
  5277 | D:5      | Reached skill level 12 in Long Blades
  5281 | D:5      | Killed Blork the orc
  6154 | D:6      | Found a hazy altar of Hepliaklqana.
  6197 | D:6      | Identified the +5 chain mail of Fortitude {Str+3}
  6329 | D:6      | Found a sparkling altar of Nemelex Xobeh.
  6467 | D:6      | Reached skill level 13 in Long Blades
  6470 | D:6      | Reached XP level 9. HP: 56/72 MP: 8/8
  7015 | D:6      | Reached skill level 5 in Fighting
  7015 | D:6      | Reached skill level 5 in Armour
  7015 | D:6      | Reached skill level 5 in Shields
  7492 | D:7      | Identified the +0 dagger of a ziggurat {vorpal, rPois
                  | Str+4}
  7679 | D:7      | Found a staircase to the Ecumenical Temple.
  7719 | Temple   | Entered the Ecumenical Temple
  7762 | Temple   | Became a worshipper of Gozag Ym Sagoz the Greedy
  7870 | D:7      | HP: 2/74 [poisoned by a water moccasin]
  7871 | D:7      | Succumbed to a water moccasin's poison

Illustrated notes

Levels and vault maps discovered:
D:1:      psy_arrival_whirlpool, layout_loops_ring, serial_shops,
          shop_fountains, minivault_19, minmay_tetromino_t2
D:2:      layout_loops_ring, serial_shops, nicolae_shop_behind_doors,
          uniq_jessica, uniq_terence
D:3:      layout_loops_corners, nicolae_ashenzari_panopticon,
          mainiacjoe_overflow_small_starburst, chequers_ecumenical_altar_twisty,
          uniq_natasha, uniq_ijyb, uniq_crazy_yiuf_cottage
D:4:      layout_cave_pods, mainiacjoe_overflow_six_doors_small,
          lemuel_tele_altar, uniq_menkaure, uniq_purgy
D:5:      layout_rooms, kennysheep_okawaru_gauntlet, uniq_blork_the_orc
D:6:      layout_basic, nemelex_xobeh_ov_fountains_minmay,
          mainiacjoe_overflow_boulevard, grunt_decor_clamped, chequers_avenue,
          grunt_decor_cap
D:7:      layout_basic, dancing_weapons_uskayaw, nicolae_tso_swordbearing_angel,
          minmay_temple_entry_glass, hangedman_decor_riveting,
          minmay_manual_mandibuliform
Temple:   jpeg_temple_island

Skill      XL: |  1  2  3  4  5  6  7  8  9 |
---------------+----------------------------+-----
Long Blades    | 3 4 6 7 9 11 13 | 13.3
Fighting       | 4 5 |  5.5
Armour         | 4 5 |  5.5
Shields        | 4 5 |  5.5

Action                   |  1- 3 |  4- 6 |  7- 9 || total
-------------------------+-------+-------+-------++-------
Melee: Long sword        |    63 |    83 |   248 ||   394
       Headbutt          |     6 |    14 |    42 ||    62
       Unarmed           |       |     8 |       ||     8
Throw: Throwing net      |       |     1 |       ||     1
Evoke: Wand              |       |     1 |       ||     1
  Use: Scroll            |     1 |       |     7 ||     8
       Potion            |       |     1 |     2 ||     3
Armor: Scale mail        |    23 |    39 |    41 ||   103
       Skin              |       |     2 |       ||     2
       Chain mail        |       |       |    74 ||    74
Dodge: Dodged            |    22 |    33 |    84 ||   139
Block: Buckler           |    13 |    20 |    35 ||    68

Table legend: (Time is in decaauts)
 A = Elapsed time spent in this place.
 B = Non-inter-level travel time spent in this place.
 C = Inter-level travel time spent in this place.
 D = Time resting spent in this place.
 E = Time spent auto-exploring this place.
 F = Levels seen in this place.
 G = Mean time per level.
                   A        B        C        D        E       F      G
               +--------+--------+--------+--------+--------+-----+--------+
         Total |   7860 |   7349 |    511 |      4 |   6441 |   8 |  982.5 |
       Dungeon |   7782 |   7307 |    475 |      4 |   6411 |   7 | 1111.7 |
        Temple |     77 |     41 |     36 |      0 |     30 |   1 |   77.0 |
               +--------+--------+--------+--------+--------+-----+--------+

Top non-repeatable levels by time:
     D:6: 1731 daAuts
     D:4: 1491 daAuts
     D:3: 1338 daAuts
     D:5: 1090 daAuts
     D:2: 1020 daAuts
     D:1: 786 daAuts
     D:7: 323 daAuts
  Temple: 77 daAuts
